 Dungeon Crawl Stone Soup version 0.29-a0-384-g6960b1960d (webtiles) character file.

Game seed: 16079683229494650132

9923 happo123 the Cruncher (level 11, 0/109 HPs)
             Began as a Troll Berserker on May 6, 2022.
             Was an Elder of Trog.
             Killed from afar by a lindwurm (42 damage)
             ... with a blast of flame
             ... on level 1 of the Lair of Beasts.
             The game lasted 00:37:16 (6895 turns).

happo123 the Cruncher (Troll Berserker)             Turns: 6895, Time: 00:37:16

Health: 0/109      AC:  5    Str: 37    XL:     11   Next: 29%
Magic:  10/10      EV: 11    Int:  3    God:    Trog [****..]
Gold:   399        SH:  0    Dex:  9    Spells: 10/10 levels left

rFire   . . .      SeeInvis .   k - +3 quarterstaff (chaos)
rCold   . . .      Faith    .   (shield currently unavailable)
rNeg    . . .      Spirit   .   a - +0 animal skin
rPois   .          Reflect  .   (helmet restricted)
rElec   .          Harm     .   l - +0 cloak
rCorr   .          Rampage  .   (gloves unavailable)
Will    ++...                   (boots unavailable)
Stlth   ++........              (no amulet)
HPRegen 2.08/turn               N - ring of flight
MPRegen 0.12/turn               y - +6 ring of strength

@: strong-willed, flying, regenerating
A: large, unfitting armour, claws 3, regeneration 1, shaggy fur 1, tough skin 1
a: Renounce Religion, Berserk, Trog's Hand, Brothers in Arms


You were on level 1 of the Lair of Beasts.
You worshipped Trog.
Trog was greatly pleased with you.
You visited 2 branches of the dungeon, and saw 9 of its levels.
You also visited: Ossuary.

You collected 399 gold pieces.

Inventory:

Hand Weapons
 k - a +3 quarterstaff of chaos (weapon)
 s - a +4 halberd of electrocution
 H - a +1 war axe of electrocution
Missiles
 R - a throwing net (quivered)
Armour
 a - a +0 animal skin (worn)
 l - a +0 cloak (worn)
 q - the +0 robe of Indemnity {rF- rCorr Int-4 Dex+10}
   (You found it on level 3 of the Dungeon)

   Int:       It affects your intelligence (-4).
   Dex:       It affects your dexterity (+10).
   rF:        It makes you vulnerable to fire.
   rCorr:     It protects you from acid and corrosion.
Jewellery
 e - a +4 ring of protection
 t - a ring of ice
 y - a +6 ring of strength (right claw)
 G - a ring of resist corrosion
 I - a +6 ring of dexterity
 N - a ring of flight (left claw)
Wands
 r - a wand of acid (15)
 u - a wand of polymorph (9)
 x - a wand of flame (17)
 E - a wand of paralysis (11)
 J - a wand of iceblast (4)
Scrolls
 c - 8 scrolls of teleportation
 g - 4 scrolls of identify
 i - 3 scrolls of torment
 m - 2 scrolls of noise
 n - 2 scrolls of fog {unknown}
 o - a scroll of poison {unknown}
 z - 2 scrolls of amnesia {unknown}
 B - 2 scrolls of magic mapping {unknown}
 C - a scroll of acquirement {unknown}
 D - 3 scrolls of fear {unknown}
 K - a scroll of enchant weapon {unknown}
 M - 4 scrolls of vulnerability {unknown}
 O - a scroll of enchant armour {unknown}
 Q - a scroll of immolation {unknown}
Potions
 b - 3 potions of haste
 d - 5 potions of attraction
 f - 6 potions of lignification
 h - 4 potions of berserk rage
 j - a potion of magic {unknown}
 p - 5 potions of curing
 v - a potion of mutation {unknown}
 w - 4 potions of might
 A - 2 potions of degeneration {unknown}
 F - 3 potions of ambrosia
 L - a potion of brilliance {unknown}
 P - a potion of flight {unknown}
 S - 2 potions of heal wounds {unknown}


   Skills:
 + Level 7.3 Fighting
 + Level 10.3 Staves
 + Level 7.0 Dodging
 + Level 2.6 Stealth
 + Level 5.2 Unarmed Combat


You had 10 spell levels left.
You didn't know any spells.
Your spell library was empty.

Dungeon Overview and Level Annotations

Branches:
Dungeon (8/15)             Temple (0/1) D:4            Lair (1/6) D:8
Ossuary (visited)

Altars:
Ru

Shops:
D:8 (


Innate Abilities, Weirdness & Mutations

You are too large for most types of armour.
You have claws for hands.
Your natural rate of healing is unusually fast.
You are covered in fur. (AC +1)
You have tough skin. (AC +1)


Message History

You bludgeon the elephant!! You freeze the elephant!
The elephant is almost dead.
The elephant tramples you.
You are shoved backwards!
You hit the elephant. You burn the elephant.
The elephant is almost dead.
You completely miss the elephant.
The elephant is almost dead.
The elephant tramples you!
You hold your ground!
The elephant trunk-slaps you but does no damage.
You sock the elephant!
You kill the elephant!
Trog accepts your kill. The lindwurm breathes flames at you.
The blast of flame hits you!
Your skin crawls.
You feel strong-willed.
You hit the lindwurm but do no damage.
The lindwurm is poisoned.
The lindwurm is lightly wounded.
The lindwurm bites you! The lindwurm claws you. x2
Your two-headed ogre goes berserk!
The lindwurm bites you. The lindwurm barely misses you. The lindwurm claws you.
Your two-headed ogre hits the plant with a +0 giant spiked club!!!
The plant begins to die.
Your two-headed ogre hits the plant with a +0 giant club!!
You bludgeon the plant!! You freeze the plant!
The plant is heavily damaged.
Your two-headed ogre hits the plant with a +0 giant spiked club!
Your two-headed ogre hits the plant with a +0 giant club!
The lindwurm bites you!
The lindwurm claws you but does no damage.
The lindwurm closely misses you.
The lindwurm bites your two-headed ogre!
The lindwurm claws your two-headed ogre.
The lindwurm claws your two-headed ogre but does no damage.
Your two-headed ogre hits the lindwurm with a +0 giant spiked club!
Your two-headed ogre hits the lindwurm with a +0 giant club.
The lindwurm breathes flames at you.
The blast of flame hits your two-headed ogre!!
The blast of flame hits you!!!
You die...

#≈≈#.♣≈≈≈♣♣≈≈≈≈≈≈≈≈≈≈≈...
#≈≈≈##.♣≈≈P♣PP≈≈≈≈≈≈≈≈≈...
#≈≈≈ #♣♣≈≈≈♣≈P≈≈≈≈≈≈≈≈≈...
#≈≈ ♣≈≈≈♣♣≈.≈≈≈≈≈≈≈≈.... #≈
#♣≈≈♣ ♣....≈≈≈≈..... #
#≈≈≈♣♣♣...........♣♣
♣≈≈≈≈♣♣♣..........♣♣ #
#≈≈≈P♣ ♣PP.....P.♣♣♣ #♣#≈
♣P≈@♣♣ ♣♣♣P...P♣♣♣ ♣ #≈≈Yk
#♣O§P♣ ♣...PP♣♣♣♣♣
#≈≈≈≈§#kY≈≈♣ ♣♣♣.♣♣♣♣.♣.
#≈≈≈≈≈†≈≈≈♣♣ ♣♣♣ ♣♣♣♣♣♣...
#######♣♣♣♣♣♣♣.♣♣♣♣♣♣♣.♣...
♣♣♣.♣....♣♣.♣♣.....
♣..................
##..................
#P..............####


You could see an elephant, a lindwurm (poisoned, catching breath, ally target)
and a friendly two-headed ogre (summoned, berserk).

Vanquished Creatures
  Pikel (D:7)
  4 elephants (Lair:1)
  2 cane toads (Lair:1)
  An unseen horror (D:7)
  A komodo dragon (Lair:1)
  A blink frog (Lair:1)
  5 yaks (D:8)
  4 wyverns
  The ghost of Patoropollo the Cudgeller, an amateur MiBe of Trog (D:4)
  A basilisk (D:8)
  7 water moccasins
  2 orc warriors
  A sky beast (D:7)
  2 black bears
  An ice beast (D:5)
  An ogre (D:5)
  A wolf (Lair:1)
  A phantom (D:4)
  3 lemures (D:7)
  7 bullfrogs
  A necrophage (D:6)
  9 scorpions
  9 wights (D:7)
  3 centaur zombies (Ossuary)
  6 hounds
  2 human zombies (Ossuary)
  An orc priest (D:5)
  2 gnoll shamans (D:4)
  A jelly (D:5)
  Crazy Yiuf (D:3)
  Jessica (D:2)
  4 scorpion zombies (Ossuary)
  Terence (D:2)
  3 iguanas
  7 orc wizards
  4 mummies
  15 gnolls
  8 adders
  A white imp (D:8)
  An ufetubus (D:6)
  A worm (D:5)
  6 dart slugs
  11 orcs
  10 ball pythons
  4 bats
  7 endoplasms
  4 giant cockroaches
  7 goblins
  9 hobgoblins
  5 jackals
  6 quokkas
  4 frilled lizards (D:1)
  A gnoll zombie (Ossuary)
  3 goblin zombies
  A hobgoblin zombie (Ossuary)
  7 kobolds
  4 kobold zombies
  6 rats
223 creatures vanquished.

Vanquished Creatures (collateral kills)
  A death yak (Lair:1)
  A cane toad (Lair:1)
  A water moccasin (Lair:1)
3 creatures vanquished.

Vanquished Creatures (others)
  A fungus (Lair:1)
  6 plants
  5 toadstools (Lair:1)
12 creatures vanquished.

Grand Total: 238 creatures vanquished

Notes
Turn   | Place    | Note
-------+----------+-------------------------------------------
     0 | D:1      | happo123 the Troll Berserker began the quest for the Orb.
     0 | D:1      | Reached XP level 1. HP: 22/22 MP: 0/0
    90 | D:1      | Reached XP level 2. HP: 29/29 MP: 1/1
   268 | D:1      | Reached ** piety under Trog
   274 | D:1      | Reached XP level 3. HP: 36/36 MP: 2/2
   562 | D:2      | Noticed Terence
   574 | D:2      | Killed Terence
   575 | D:2      | Reached XP level 4. HP: 45/45 MP: 3/3
   617 | D:2      | Noticed Jessica
   623 | D:2      | Killed Jessica
   888 | D:2      | Reached XP level 5. HP: 50/53 MP: 4/4
  1013 | D:2      | Found a faded altar of an unknown god.
  1485 | D:3      | Found a runed translucent door.
  1486 | D:3      | Noticed Crazy Yiuf
  1494 | D:3      | Killed Crazy Yiuf
  1495 | D:3      | Reached skill level 5 in Unarmed Combat
  2035 | D:3      | Identified the +0 robe of Indemnity {rF- rCorr Int-4
                  | Dex+10}
  2407 | D:4      | Noticed a phantom
  2414 | D:4      | Killed a phantom
  2415 | D:4      | Reached skill level 1 in Staves
  2415 | D:4      | Reached XP level 6. HP: 61/61 MP: 5/5
  2516 | D:4      | Found a transporter.
  2537 | D:4      | Found a transporter.
  2546 | D:4      | Reached *** piety under Trog
  2565 | D:4      | Noticed Patoropollo's ghost (amateur MiBe)
  2588 | D:4      | Killed Patoropollo's ghost
  2589 | D:4      | Reached skill level 2 in Staves
  2591 | D:4      | Reached XP level 7. HP: 48/67 MP: 6/6
  2670 | D:4      | Found a staircase to the Ecumenical Temple.
  2682 | D:4      | Reached skill level 3 in Staves
  2965 | D:5      | Entered Level 5 of the Dungeon
  3157 | D:5      | Reached skill level 4 in Staves
  3323 | D:5      | Reached XP level 8. HP: 78/78 MP: 7/7
  3339 | D:5      | Reached skill level 1 in Stealth
  3519 | D:5      | Reached skill level 5 in Staves
  3595 | D:5      | Reached **** piety under Trog
  4363 | D:6      | Reached skill level 5 in Dodging
  4386 | D:6      | Reached skill level 6 in Staves
  4590 | D:7      | Reached XP level 9. HP: 74/82 MP: 8/8
  4710 | D:7      | Noticed Pikel
  4735 | D:7      | Killed Pikel
  4736 | D:7      | Reached skill level 5 in Fighting
  4810 | D:7      | Killed an unseen horror
  4811 | D:7      | Reached skill level 7 in Staves
  5266 | D:8      | Found a sand-covered staircase.
  5272 | Ossuary  | Entered an ossuary
  5334 | Ossuary  | Reached XP level 10. HP: 89/98 MP: 9/9
  5356 | Ossuary  | Reached skill level 8 in Staves
  5626 | D:8      | Reached ***** piety under Trog
  5751 | D:8      | Found a staircase to the Lair.
  5781 | D:8      | Reached skill level 9 in Staves
  5891 | D:8      | Found a sacrificial altar of Ru.
  5984 | D:8      | Found Baprunyf's Antique Weapon Boutique.
  6566 | Lair:1   | Entered Level 1 of the Lair of Beasts
  6578 | Lair:1   | Noticed an elephant
  6578 | Lair:1   | Noticed an elephant
  6579 | Lair:1   | Noticed a cane toad
  6589 | Lair:1   | Noticed an elephant
  6604 | Lair:1   | Killed an elephant
  6609 | Lair:1   | Killed an elephant
  6617 | Lair:1   | Killed an elephant
  6643 | Lair:1   | Killed a cane toad
  6689 | Lair:1   | Noticed a cane toad
  6736 | Lair:1   | Noticed a death yak
  6738 | Lair:1   | Noticed a cane toad
  6751 | Lair:1   | Killed a death yak
  6752 | Lair:1   | Reached XP level 11. HP: 20/109 MP: 10/10
  6755 | Lair:1   | Reached skill level 10 in Staves
  6848 | Lair:1   | Noticed a lindwurm
  6848 | Lair:1   | Noticed a lindwurm
  6868 | Lair:1   | Found a runed translucent door.
  6895 | Lair:1   | Killed from afar by a lindwurm

Illustrated notes

Levels and vault maps discovered:
D:1:      dpeg_arrival_ternary, layout_rooms, st_stairs_14, corner_web_ring
D:2:      layout_basic, ebering_ecumenical_altar_petrified,
          hangedman_decor_diamond_cutter, minmay_misc_feat_ornament,
          uniq_terence, uniq_jessica
D:3:      layout_loops_corners, chequers_serial_rivers_large_a,
          columned_hall_lemuel, uniq_crazy_yiuf_cottage
D:4:      layout_gridville, minmay_temple_entry_tees,
          gammafunk_ghost_gnarly_gnolls
D:5:      layout_gridville, minmay_crossroads
D:6:      layout_basic
D:7:      layout_rooms, hangedman_decor_points, uniq_pikel
D:8:      layout_basic, mainiacjoe_overflow_concentric_impassable,
          minmay_lair_entry_grove, nicolae_ossuary_entry_giza, serial_shops,
          kennysheep_mini
Lair:1:   gammafunk_lair_enchanted_lake, layout_chaotic_city,
          nicolae_volcano_entry_batcave, hangedman_lair_generics_rect

Skill      XL: |  1  2  3  4  5  6  7  8  9 10 11 |
---------------+----------------------------------+-----
Fighting       | 3 4 6 7 |  7.3
Dodging        | 3 4 5 6 7 |  7.0
Unarmed Combat | 4 5 |  5.2
Staves         | 1 2 4 6 7 9 10 | 10.3
Stealth        | 1 2 |  2.6

Action                   |  1- 3 |  4- 6 |  7- 9 | 10-12 || total
-------------------------+-------+-------+-------+-------++-------
Melee: Unarmed           |    92 |    69 |       |       ||   161
       Punch             |       |     1 |       |       ||     1
       Quarterstaff      |       |    84 |   303 |   212 ||   599
Invok: Berserk           |     1 |     4 |     6 |     2 ||    13
       Trog's Hand       |       |     1 |     2 |     4 ||     7
       Brothers in Arms  |       |       |       |     2 ||     2
  Use: Scroll            |       |       |     5 |     5 ||    10
       Potion            |       |       |       |     2 ||     2
 Stab: Sleeping          |       |     1 |     3 |     1 ||     5
       Paralysed         |       |       |     2 |       ||     2
Armor: Animal skin       |    28 |    85 |   168 |    76 ||   357
Dodge: Dodged            |    55 |    73 |   159 |    96 ||   383

Table legend: (Time is in decaauts)
 A = Elapsed time spent in this place.
 B = Non-inter-level travel time spent in this place.
 C = Inter-level travel time spent in this place.
 D = Time resting spent in this place.
 E = Time spent auto-exploring this place.
 F = Levels seen in this place.
 G = Mean time per level.
                   A        B        C        D        E       F      G
               +--------+--------+--------+--------+--------+-----+--------+
         Total |   7038 |   5916 |   1122 |    133 |   4011 |  10 |  703.8 |
       Dungeon |   6384 |   5417 |    967 |    105 |   3988 |   8 |  798.0 |
          Lair |    346 |    191 |    155 |     28 |      6 |   1 |  346.0 |
       Ossuary |    306 |    306 |      0 |      0 |     17 |   1 |  306.0 |
               +--------+--------+--------+--------+--------+-----+--------+

Top non-repeatable levels by time:
     D:8: 1019 daAuts
     D:2: 956 daAuts
     D:3: 953 daAuts
     D:5: 884 daAuts
     D:6: 731 daAuts
     D:7: 699 daAuts
     D:4: 635 daAuts
     D:1: 504 daAuts
  Lair:1: 346 daAuts
 Ossuary: 306 daAuts
